 Dungeon Crawl Stone Soup version 0.30-a0-723-gc1506a1cf0 (webtiles) character file.

Game seed: 5013666505092958737

11279 Laraso the Carver (level 11, 0/104 HPs)
             Began as a Minotaur Gladiator on Jan 29, 2023.
             Was a Priest of Wu Jian.
             Slain by a troll (5 damage)
             ... on level 11 of the Dungeon.
             The game lasted 00:13:35 (10524 turns).

Laraso the Carver (Minotaur Gladiator)             Turns: 10524, Time: 00:13:36

Health: 0/104      AC: 12    Str: 19    XL:     11   Next: 47%
Magic:  10/10      EV: 15    Int:  5    God:    Wu Jian [***...]
Gold:   1021       SH:  0    Dex: 16    Spells: 10/10 levels left

rFire   . . .      SeeInvis .    a - +0 great sword
rCold   . . .      Faith    .    (shield currently unavailable)
rNeg    . . .      Spirit   .    J - +0 troll leather armour
rPois   +          Reflect  .    c - +0 hat
rElec   +          Harm     .    x - +2 cloak {rPois}
rCorr   .          Rampage  .    H - -1 pair of gloves "Buecsye" {rElec Will+ Regen+ Stlth-}
Will    +....                    C - +1 pair of boots {Fly} Stlth
                                 w - amulet of the acrobat
HPRegen 1.97/turn                I - +4 ring of slaying
MPRegen 0.12/turn                (no ring)

@: flying
A: horns 2, retaliatory headbutt
a: Renounce Religion, Wall Jump, Serpent's Lash


You were on level 11 of the Dungeon.
You worshipped Wu Jian.
Wu Jian was most pleased with you.
You visited 2 branches of the dungeon, and saw 12 of its levels.
You also visited: Bailey.

You collected 1021 gold pieces.

Inventory:

Hand Weapons
 a - a +0 great sword (weapon)
Missiles
 d - 2 throwing nets (quivered)
 e - a javelin
Armour
 c - a +0 hat (worn)
 q - a +0 chain mail
 x - a +2 cloak of poison resistance (worn)
 B - a scarf of resistance
 C - a +1 pair of boots of flying (worn)
 H - the -1 pair of gloves "Buecsye" (worn) {rElec Will+ Regen+ Stlth-}
   (You found it on level 9 of the Dungeon)

   rElec:     It insulates you from electricity.
   Regen:     It increases your rate of health regeneration.
   Will:      It increases your willpower.
   Stlth:     It makes you less stealthy.
 J - a +0 troll leather armour (worn)
Jewellery
 b - a ring of wizardry
 s - a ring of ice
 t - a ring of poison resistance
 w - an amulet of the acrobat (around neck)
 I - a +4 ring of slaying (left hand)
Wands
 k - a wand of mindburst (10)
 r - a wand of iceblast (10)
 u - a wand of digging (1)
 A - a wand of flame (75)
 D - a wand of acid (21)
 L - a wand of charming (7)
Scrolls
 f - a scroll of amnesia
 h - 4 scrolls of teleportation
 i - 4 scrolls of vulnerability
 y - a scroll of magic mapping
 M - a scroll of blinking
Potions
 g - a potion of lignification
 j - a potion of curing
 l - a potion of brilliance
 m - a potion of berserk rage
 o - 3 potions of heal wounds
 p - a potion of might
 v - 3 potions of cancellation
 z - a potion of mutation {unknown}
 E - 4 potions of flight
 F - 6 potions of haste
 G - 2 potions of attraction {unknown}


   Skills:
 - Level 12.0 Fighting
 * Level 14.1 Long Blades
 - Level 2.0 Throwing
 - Level 10.0 Armour
 - Level 7.0 Dodging
 * Level 1.7 Evocations


You had 10 spell levels left.
You didn't know any spells.
Your spell library contained the following spells:

 Spells                   Type           Power      Damage    Failure   Level
 Summon Ice Beast         Ice/Summ       0%         N/A       99%         4
 Summon Mana Viper        Hex/Summ       0%         N/A       100%        5
 Monstrous Menagerie      Summ           0%         N/A       100%        7


Dungeon Overview and Level Annotations

Branches:
Dungeon (11/15)            Temple (1/1) D:7            Lair (0/5) D:10
    Orc (0/2) D:10         Bailey (visited)

Altars:
Ashenzari
Cheibriados
Dithmenos
Elyvilon
Fedhas
Gozag
Hepliaklqana
Kikubaaqudgha
Makhleb
Nemelex Xobeh
Okawaru
Qazlal
Ru
Sif Muna
Trog
Uskayaw
Vehumet
Wu Jian
Xom
Yredelemnul
Zin
The Shining One

Shops:
D:2 (

Portals:
Trove: D:10 (give horn of Geryon)

Annotations:
D:11 4 runed translucent doors


Innate Abilities, Weirdness & Mutations

You have a pair of horns on your head.
You reflexively headbutt those who attack you in melee.


Message History

The shadow flickers and vanishes!
Deactivating autopickup; reactivate with Ctrl-A.
You slash the troll!
The troll is severely wounded.
The troll completely misses you. The troll closely misses you.
The troll barely misses you.
The gargoyle hurls a stone arrow at you.
The stone arrow misses you.
You hit the troll. You headbutt the troll!
The troll is almost dead.
The gargoyle hits you with a +0 dire flail!!
The troll barely misses you. You furiously retaliate!
You headbutt the troll!
You kill the troll!
The Council accepts your kill.
You barely miss the troll. The troll closely misses you.
The troll barely misses you. x2
The gargoyle hurls a stone arrow at you.
The stone arrow misses you.
You hit the troll.
The troll is lightly wounded.
The gargoyle hits you with a +0 dire flail.
The troll barely misses you. The troll claws you but does no damage.
The troll closely misses you.
The boulder beetle curls into a ball and begins rolling!
You barely miss the troll.
The troll is lightly wounded.
The gargoyle hurls a stone arrow at you.
The stone arrow hits you!! The troll bites you. The troll claws you!
The troll claws you.
* * * LOW HITPOINT WARNING * * *
The vampire mumbles some strange words.
The vampire flickers and vanishes!
You are too injured to fight recklessly!
You slash the troll!
The troll is moderately wounded.
The gargoyle hurls a stone arrow at you.
The stone arrow hits you!!
* * * LOW HITPOINT WARNING * * *
The troll misses you. The troll claws you.
You die...

#. #. ##.# #... ####
#..# ...# ##..#####.#.
...# #...†9...... ...#
#...@##..#.. ...#
#...TB..###. ...##
#...○..##.## ....#
#....○..#.#.
....#########....#o##.##
................##'#...#
####...######..##[{.....
###..# #...####...# ##.#
#....#.##.##


You could see a boulder beetle (rolling), a troll, a gargoyle and an orc wizard.

Vanquished Creatures
  2 two-headed ogres
  Maurice (D:8)
  Joseph (D:8)
  Maggie (D:8)
  3 hornets
  2 trolls
  Sigmund (D:5)
  A vampire (D:10)
  20 yaks
  A wyvern (D:8)
  Menkaure (D:5)
  An ice beast (D:7)
  5 sky beasts
  6 orc warriors (Bailey)
  An ogre (D:6)
  8 centaurs
  A phantom (D:4)
  4 bullfrogs
  A kobold brigand (D:9)
  A gnoll sergeant (D:10)
  A necrophage (D:5)
  2 scorpions
  16 killer bees
  3 howler monkeys
  5 electric eels
  A crimson imp (D:9)
  12 hounds
  Crazy Yiuf (D:4)
  3 orc priests
  2 gnoll boudas
  6 iguanas
  7 orc wizards
  Robin (D:4)
  17 gnolls
  7 adders
  3 shadow imps
  An ufetubus (D:5)
  4 dart slugs
  34 orcs
  4 endoplasms
  6 giant cockroaches
  12 hobgoblins
  3 jackals (D:2)
  3 quokkas
  6 ball pythons
  6 bats
  4 frilled lizards
  25 goblins
  16 kobolds
  6 rats
279 creatures vanquished.

Vanquished Creatures (others)
  An orc wizard (D:8)
  A gnoll (Bailey)
  A kobold (D:9)
  A plant (D:9)
4 creatures vanquished.

Grand Total: 283 creatures vanquished

Notes
Turn   | Place    | Note
-------+----------+-------------------------------------------
     0 | D:1      | Laraso the Minotaur Gladiator began the quest for the Orb.
     0 | D:1      | Reached XP level 1. HP: 18/18 MP: 0/0
    98 | D:1      | Reached skill level 4 in Long Blades
   114 | D:1      | Reached XP level 2. HP: 25/25 MP: 1/1
   541 | D:1      | Reached skill level 5 in Long Blades
   697 | D:2      | Reached XP level 3. HP: 23/30 MP: 2/2
   758 | D:2      | Found Zoostria's Weapon Shoppe.
  1126 | D:2      | Found a faded altar of an unknown god.
  1365 | D:3      | Reached skill level 6 in Long Blades
  1365 | D:3      | Reached XP level 4. HP: 33/37 MP: 3/3
  1413 | D:3      | Found a stormy altar of Qazlal.
  1605 | D:3      | You fall into a shaft and drop 3 floors!
  1723 | D:6      | Noticed a bullfrog
  1730 | D:6      | Killed a bullfrog
  1731 | D:6      | Reached skill level 7 in Long Blades
  1731 | D:6      | Reached XP level 5. HP: 35/42 MP: 4/4
  1785 | D:5      | Entered Level 5 of the Dungeon
  1875 | D:4      | Reached skill level 8 in Long Blades
  2121 | D:3      | Reached XP level 6. HP: 50/50 MP: 5/5
  2655 | D:4      | Found an opulent altar of Gozag.
  2849 | D:4      | Noticed Robin
  2864 | D:4      | Killed Robin
  2865 | D:4      | Reached skill level 9 in Long Blades
  3063 | D:4      | Reached XP level 7. HP: 56/56 MP: 6/6
  3311 | D:4      | Found a glowing silver altar of Zin.
  3489 | D:4      | Found a runed translucent door.
  3490 | D:4      | Noticed Crazy Yiuf
  3765 | D:4      | Killed Crazy Yiuf
  4087 | D:5      | Reached skill level 10 in Long Blades
  4362 | D:5      | Noticed Sigmund
  4378 | D:5      | Killed Sigmund
  4440 | D:5      | Reached skill level 11 in Long Blades
  4507 | D:5      | Found a blossoming altar of Fedhas.
  4825 | D:5      | Reached XP level 8. HP: 62/62 MP: 7/7
  4825 | D:5      | Noticed Menkaure
  4834 | D:5      | Killed Menkaure
  4835 | D:5      | Reached skill level 12 in Long Blades
  5592 | D:6      | Reached skill level 13 in Long Blades
  5958 | D:6      | Found a glowing golden altar of the Shining One.
  6194 | D:7      | Noticed a hornet
  6203 | D:7      | Killed a hornet
  6204 | D:7      | Reached skill level 14 in Long Blades
  6204 | D:7      | Reached XP level 9. HP: 36/68 MP: 8/8
  6570 | D:7      | Reached skill level 5 in Armour
  6644 | D:7      | Found a staircase to the Ecumenical Temple.
  6699 | Temple   | Entered the Ecumenical Temple
  6792 | Temple   | Became a worshipper of the Wu Jian Council
  7106 | D:8      | Found a flagged portal.
  7124 | Bailey   | Entered a bailey
  7190 | Bailey   | Reached skill level 5 in Fighting
  7259 | Bailey   | Identified the +9 rapier of Dothrum {vamp, rC+}
  7393 | Bailey   | Reached * piety under Wu Jian
  7924 | D:8      | Found a sacrificial altar of Ru.
  8075 | D:8      | Noticed Joseph
  8075 | D:8      | Noticed Maggie
  8112 | D:8      | Killed Joseph
  8113 | D:8      | Reached skill level 5 in Dodging
  8115 | D:8      | Killed Maggie
  8116 | D:8      | Reached XP level 10. HP: 83/84 MP: 9/9
  8509 | D:8      | Noticed Maurice
  8532 | D:8      | Killed Maurice
  8578 | D:8      | Found a bloodstained altar of Trog.
  8848 | D:9      | Found a transporter.
  8865 | D:9      | Found a transporter.
  8995 | D:9      | Noticed a two-headed ogre
  9168 | D:9      | Reached ** piety under Wu Jian
  9169 | D:9      | Reached skill level 10 in Fighting
  9195 | D:9      | Identified the -1 pair of gloves "Buecsye" {rElec Will+
                  | Regen+ Stlth-}
  9225 | D:9      | Killed a two-headed ogre
  9278 | D:9      | Found a radiant altar of Vehumet.
  9278 | D:9      | Found a burning altar of Makhleb.
  9466 | D:10     | Entered Level 10 of the Dungeon
  9675 | D:10     | Reached XP level 11. HP: 57/104 MP: 10/10
  9759 | D:10     | Found a staircase to the Lair.
  9816 | D:10     | Reached *** piety under Wu Jian
  9982 | D:10     | Noticed a two-headed ogre
  9992 | D:10     | Killed a two-headed ogre
 10012 | D:10     | Found a portal to a secret trove of treasure.
 10076 | D:10     | Reached skill level 10 in Armour
 10093 | D:10     | Found a white marble altar of Elyvilon.
 10128 | D:10     | Found a staircase to the Orcish Mines.
 10345 | D:11     | Reached skill level 1 in Evocations
 10409 | D:11     | Found a huge runed translucent gate.
 10409 | D:11     | Found a huge runed translucent gate.
 10409 | D:11     | Found a huge runed translucent gate.
 10409 | D:11     | Found a huge runed translucent gate.
 10511 | D:11     | Noticed a boulder beetle
 10524 | D:11     | HP: 5/104 [gargoyle/stone arrow (23)]
 10524 | D:11     | Slain by a troll

Illustrated notes

Levels and vault maps discovered:
D:1:      dpeg_arrival_long_road, layout_loops_ring, minmay_misc_feat_tiny
D:2:      layout_basic, serial_shops, shop_statue, basic_ecumenical_altar
D:3:      layout_rooms, mainiacjoe_overflow_alcove_1,
          chequers_serial_rivers_micro_e
D:4:      layout_layer_cave, pdpol_temple_overflow_zin_treasury_gozag_greed,
          uniq_ijyb, uniq_robin, uniq_crazy_yiuf_cottage
D:5:      layout_gridville, lemuel_crystal_altar, chequers_mini_garden,
          uniq_menkaure, uniq_sigmund
D:6:      layout_loops_corners, kennysheep_mini,
          nicolae_concentric_dashed_squares_wild
D:7:      layout_basic, minmay_temple_entry_ruins
D:8:      layout_loops_ring, nicolae_ru_path_of_blood,
          nicolae_overflow_hidden_temple, enter_bailey_3,
          minmay_tree_intersection, uniq_maggie, uniq_maurice, uniq_joseph
D:9:      gammafunk_steamed_eel, layout_rooms,
          grunt_temple_overflow_lords_of_destruction
D:10:     layout_roguey, mainiacjoe_overflow_chevrons, erik_lair_island,
          orc_0_dummy, nicolae_trove_entry_isolated
D:11:     lemuel_bear_cage, layout_basic, minmay_fractal_squares_gapless_5
Temple:   nicolae_temple_hex_pool

Skill      XL: |  1  2  3  4  5  6  7  8  9 10 11 |
---------------+----------------------------------+-----
Long Blades    | 4 5 6 7 8 9 11 14 | 14.1
Armour         | 2 7 10 | 10.0
Fighting       | 6 12 | 12.0
Dodging        | 5 7 |  7.0
Evocations     | 1 |  1.7
Throwing       | |  2.0

Action                     |  1- 3 |  4- 6 |  7- 9 | 10-12 || total
---------------------------+-------+-------+-------+-------++-------
  Melee: Long sword        |    98 |   127 |   354 |   303 ||   882
         Headbutt          |    17 |    19 |    62 |    87 ||   185
         Punch             |       |     1 |     5 |     7 ||    13
         Great sword       |       |       |       |    14 ||    14
  Throw: Throwing net      |       |       |       |     1 ||     1
Ability: Lunge             |       |       |    10 |    22 ||    32
         Whirlwind         |       |       |     2 |     9 ||    11
  Evoke: Wand              |       |       |       |     5 ||     5
    Use: Scroll            |     6 |       |     9 |     4 ||    19
         Potion            |       |     4 |     3 |       ||     7
   Stab: Sleeping          |       |     1 |       |       ||     1
         Held in net/web   |       |       |       |     1 ||     1
 Armour: Leather armour    |    29 |     1 |       |       ||    30
         Chain mail        |       |    68 |   150 |    85 ||   303
         Troll leather arm |       |       |       |    32 ||    32
  Dodge: Dodged            |    67 |    63 |   160 |   191 ||   481

Table legend: (Time is in decaauts)
 A = Elapsed time spent in this place.
 B = Non-inter-level travel time spent in this place.
 C = Inter-level travel time spent in this place.
 D = Time resting spent in this place.
 E = Time spent auto-exploring this place.
 F = Levels seen in this place.
 G = Mean time per level.
                   A        B        C        D        E       F      G
               +--------+--------+--------+--------+--------+-----+--------+
         Total |  10379 |   9974 |    405 |   1346 |   6735 |  13 |  798.4 |
       Dungeon |   9742 |   9378 |    364 |   1061 |   6591 |  11 |  885.6 |
        Temple |    114 |     73 |     41 |      0 |     61 |   1 |  114.0 |
        Bailey |    522 |    522 |      0 |    285 |     83 |   1 |  522.0 |
               +--------+--------+--------+--------+--------+-----+--------+

Top non-repeatable levels by time:
     D:4: 1952 daAuts
     D:8: 1259 daAuts
     D:5: 1213 daAuts
     D:6: 1103 daAuts
     D:7: 838 daAuts
    D:10: 723 daAuts
     D:1: 677 daAuts
     D:2: 671 daAuts
     D:9: 609 daAuts
  Bailey: 522 daAuts
     D:3: 492 daAuts
    D:11: 199 daAuts
  Temple: 114 daAuts
